[Event "December 5 Early 2023"]
[Site "https://www.chess.com"]
[Date "2023.12.05"]
[Round "6"]
[White "Bardyk, Artem"]
[Black "Banzea, Alexandru-Bogdan"]
[Result "1-0"]
[Board "41"]
[TimeControl "180+1"]
[WhiteFideId "34349979"]
[BlackFideId "1232622"]
[WhiteElo "2873"]
[BlackElo "2654"]
[WhiteTeam "RUS"]
[BlackTeam "ROU"]
[WhiteClock "0:00:03"]
[BlackClock "0:00:01"]

1. e4 c5 2. c3 d5 3. exd5 Qxd5 4. d4 Nc6 5. Nf3 g6 6. Na3 Bg4 7. Bc4 Qe4+ 8. Be3 cxd4 9. Nb5 O-O-O 10. cxd4 e5 11. Bd3 Bb4+ 12. Nc3 Bxf3 13. gxf3 Qh4 14. d5 Nf6 15. dxc6 e4 16. cxb7+ Kb8 17. Bxa7+ Kxa7 18. Qa4+ Kb8 19. Qa8+ Kc7 20. Qa7 Rb8 21. Qd4 Rxb7 22. O-O-O Qg5+ 23. f4 Qxf4+ 24. Kb1 Bxc3 25. Qxc3+ Kb8 26. Ba6 Rb6 27. Qa5 Qc7 28. Ka1 Rd8 29. Rc1 Qa7 30. Qe5+ Rbd6 31. Qxd6+ Rxd6 32. Rc8# 1-0

[Event "December 5 Early 2023"]
[Site "https://www.chess.com"]
[Date "2023.12.05"]
[Round "6"]
[White "Feuerstack, Aljoscha"]
[Black "Gokerkan, Cem Kaan"]
[Result "1/2-1/2"]
[Board "42"]
[TimeControl "180+1"]
[WhiteFideId "4681932"]
[BlackFideId "6336760"]
[WhiteElo "2660"]
[BlackElo "2867"]
[WhiteTeam "GER"]
[BlackTeam "TUR"]
[WhiteClock "0:00:20"]
[BlackClock "0:00:14"]

1. e4 c5 2. Nf3 d6 3. d3 Nf6 4. g3 Nc6 5. Bg2 g6 6. O-O Bg7 7. Re1 O-O 8. c3 Rb8 9. d4 cxd4 10. cxd4 Bg4 11. h3 Bxf3 12. Bxf3 Nd7 13. Be3 e5 14. dxe5 dxe5 15. Nc3 Nd4 16. Bg2 Rc8 17. Rc1 Nc5 18. Nd5 Qd6 19. Qd2 b6 20. Bg5 f6 21. Be3 Nce6 22. Rc3 Kh8 23. Rec1 Rcd8 24. h4 f5 25. Bh6 Bxh6 26. Qxh6 Ne2+ 27. Kf1 Nxc3 28. Rxc3 f4 29. h5 g5 30. Bh3 Nc5 31. Qxd6 Rxd6 32. f3 fxg3 33. Kg2 a5 34. Kxg3 Kg7 35. b3 Rf7 36. Nxb6 Nxe4+ 37. fxe4 Rxb6 38. Rc5 a4 39. bxa4 Kf6 40. h6 Ra7 41. a5 Rba6 42. Bf5 Rxa5 43. Rc6+ Kf7 44. Kg4 R5a6 45. Rc5 Rxh6 46. Kxg5 Rh2 47. Rxe5 Rhxa2 48. Be6+ Kg7 49. Bxa2 Rxa2 50. Re7+ Kg8 51. e5 Rf2 52. e6 Kf8 53. Rxh7 Ke8 54. Rh6 Ke7 55. Rh7+ Kxe6 56. Rh6+ Ke5 57. Rg6 Rg2+ 58. Kh6 Rh2+ 59. Kg7 Ra2 60. Kf7 Ra7+ 61. Kf8 Kf5 62. Rg1 Ke6 63. Re1+ Kf6 64. Rf1+ Ke5 65. Re1+ Kd4 66. Rd1+ Ke3 67. Re1+ Kd2 68. Re7 Ra8+ 69. Re8 Ra3 70. Re7 Kd3 71. Rf7 Kd4 72. Re7 Kd5 73. Re8 Kd6 74. Re1 Rd3 75. Re2 Rf3+ 76. Kg7 Rf1 77. Kg6 Kd5 78. Kg5 Kd4 79. Kg4 Kd3 80. Re8 Rg1+ 81. Kf5 Kd4 82. Rd8+ Ke3 83. Re8+ Kf3 84. Kf6 Kf4 85. Rf8 Ra1 86. Ke7+ Ke5 87. Rf2 Ra7+ 88. Kf8 Rb7 89. Re2+ Kf6 90. Rf2+ Ke6 91. Re2+ Kf6 92. Rf2+ Kg6 93. Rg2+ Kf5 94. Rf2+ Ke4 95. Rg2 Rb8+ 96. Kf7 Rb7+ 97. Kf8 Kf3 98. Rg7 Rb8+ 99. Kf7 Kf4 100. Rg1 Rb7+ 101. Kf6 Rb6+ 102. Kf7 Rb3 103. Rf1+ Ke5 104. Re1+ Kd6 105. Rd1+ Kc5 1/2-1/2

[Event "December 5 Early 2023"]
[Site "https://www.chess.com"]
[Date "2023.12.05"]
[Round "6"]
[White "Lenaerts, Lennert"]
[Black "Kazakouski, Valery"]
[Result "0-1"]
[Board "43"]
[TimeControl "180+1"]
[WhiteFideId "211435"]
[BlackFideId "13507443"]
[WhiteElo "2638"]
[BlackElo "2864"]
[WhiteTeam "BEL"]
[BlackTeam "LTU"]
[WhiteClock "0:01:48"]
[BlackClock "0:01:33"]

1. d4 Nf6 2. c4 c6 3. Nc3 d5 4. cxd5 cxd5 5. Bf4 Nc6 6. e3 a6 7. Rc1 Bg4 8. f3 Bf5 9. g4 Bc8 10. h4 e6 11. Bd3 Be7 12. h5 h6 13. Qd2 Nd7 14. Qh2 O-O 15. Nge2 Bf6 16. Kf2 e5 17. dxe5 Ndxe5 18. Rhd1 Bxg4 19. Nxd5 Bxf3 20. Nxf6+ Qxf6 21. Rxc6 Bxc6 22. Qg3 Nxd3+ 23. Rxd3 Rad8 24. Nd4 Rd5 25. Ke1 Rxh5 26. Rc3 Qg6 27. Qxg6 fxg6 28. Nxc6 bxc6 29. Rxc6 Rf6 30. Rc7 g5 31. Be5 Rf7 32. Rc8+ Kh7 33. Ra8 g4 34. Rxa6 Rxe5 0-1

[Event "December 5 Early 2023"]
[Site "https://www.chess.com"]
[Date "2023.12.05"]
[Round "6"]
[White "Bachmann, Axel"]
[Black "Navarrete Mendez, Gonzalo Alberto"]
[Result "1-0"]
[Board "44"]
[TimeControl "180+1"]
[WhiteFideId "3700488"]
[BlackFideId "5106850"]
[WhiteElo "2842"]
[BlackElo "2606"]
[WhiteTeam "PAR"]
[BlackTeam "MEX"]
[WhiteClock "0:01:10"]
[BlackClock "0:00:12"]

1. e4 e5 2. Nf3 Nc6 3. d4 exd4 4. Nxd4 Qf6 5. Nxc6 dxc6 6. Bd3 Nh6 7. O-O Ng4 8. Nd2 Be6 9. Nf3 Ne5 10. Nxe5 Qxe5 11. Qe2 O-O-O 12. f4 Qd4+ 13. Be3 Qxb2 14. Rab1 Qc3 15. f5 Bxa2 16. Ra1 Bb3 17. Rxa7 Bc5 18. Ra8+ Kd7 19. Rxd8+ Rxd8 20. cxb3 Bxe3+ 21. Qxe3 Kc8 22. Rf3 Qxb3 23. e5 Qd1+ 24. Bf1 Qd5 25. e6 fxe6 26. fxe6 Re8 27. g3 Kb8 28. e7 Rxe7 29. Rf8+ 1-0

[Event "December 5 Early 2023"]
[Site "https://www.chess.com"]
[Date "2023.12.05"]
[Round "6"]
[White "Dyachuk, Artem"]
[Black "Bacrot, Etienne"]
[Result "0-1"]
[Board "45"]
[TimeControl "180+1"]
[WhiteFideId "34107924"]
[BlackFideId "605506"]
[WhiteElo "2590"]
[BlackElo "2832"]
[WhiteTeam "UKR"]
[BlackTeam "FRA"]
[WhiteClock "0:00:04"]
[BlackClock "0:01:22"]

1. e4 c5 2. Nf3 d6 3. d4 cxd4 4. Nxd4 Nf6 5. Nc3 Nc6 6. Bg5 e6 7. Qd3 Bd7 8. O-O-O a6 9. f4 Be7 10. Nf3 Qc7 11. h3 b5 12. g4 b4 13. Ne2 a5 14. Ng3 a4 15. Kb1 O-O 16. Bg2 Rfc8 17. e5 b3 18. cxb3 Nb4 19. Qd2 axb3 20. Rc1 Rxa2 21. Nd4 Ra1+ 0-1

[Event "December 5 Early 2023"]
[Site "https://www.chess.com"]
[Date "2023.12.05"]
[Round "6"]
[White "Klukin, Kirill"]
[Black "Malyi, Viacheslav"]
[Result "1-0"]
[Board "46"]
[TimeControl "180+1"]
[WhiteFideId "24199273"]
[BlackFideId "14123983"]
[WhiteElo "2831"]
[BlackElo "2582"]
[WhiteTeam "RUS"]
[BlackTeam "UKR"]
[WhiteClock "0:00:13"]
[BlackClock "0:00:00"]

1. d4 Nf6 2. Nf3 e6 3. e3 d5 4. Bd3 Be7 5. O-O O-O 6. b3 c5 7. Bb2 Nc6 8. Nbd2 cxd4 9. exd4 Bd6 10. a3 b6 11. Qe2 Bb7 12. Ne5 Bxe5 13. dxe5 Nd7 14. b4 a5 15. b5 Ne7 16. a4 Nc5 17. Ba3 Nxd3 18. cxd3 Re8 19. Rfc1 Rc8 20. h3 Nf5 21. Rxc8 Qxc8 22. Rc1 Qd7 23. g4 Ne7 24. d4 Ng6 25. Qe3 Rc8 26. Nb3 Rxc1+ 27. Qxc1 f6 28. Bd6 fxe5 29. dxe5 d4 30. Nxd4 Nh4 31. Nc6 h6 32. Kh2 Qf7 33. Qe3 g5 34. Kg3 Ng6 35. Qe4 Kg7 36. f3 Nf4 37. h4 Nd5 38. hxg5 hxg5 39. Kf2 Nf4 40. Qe3 Nh3+ 41. Kg3 Nf4 42. Qd2 Qd7 43. Qe3 Bxc6 44. bxc6 Qxc6 45. Be7 Kg6 46. Bxg5 Nd5 47. Qd2 Qxa4 48. Bh4 Qb4 49. Qg5+ Kf7 50. Qh5+ Kg7 51. Bf6+ Nxf6 52. Qg5+ Kh8 53. Qxf6+ Kh7 54. Qf7+ Kh8 55. Qxe6 Qe1+ 56. Kf4 Qd2+ 57. Kf5 Qd3+ 58. Kf6 Qxf3+ 59. Qf5 Qc6+ 60. e6 Qc3+ 61. Kf7 Qg7+ 62. Ke8 Qg8+ 63. Qf8 a4 64. e7 a3 65. Qxg8+ Kxg8 66. Kd7 a2 67. e8=Q+ Kg7 68. Qe1 a1=Q 69. Qxa1+ Kg6 70. Qb2 Kg5 71. Qxb6 Kxg4 72. Qe6+ 1-0

[Event "December 5 Early 2023"]
[Site "https://www.chess.com"]
[Date "2023.12.05"]
[Round "6"]
[White "Rustemov, Alexander"]
[Black "Tologon tegin, Semetei"]
[Result "1-0"]
[Board "47"]
[TimeControl "180+1"]
[WhiteFideId "4119002"]
[BlackFideId "13800574"]
[WhiteElo "2828"]
[BlackElo "2575"]
[WhiteTeam "RUS"]
[BlackTeam "KGZ"]
[WhiteClock "0:02:00"]
[BlackClock "0:00:00"]

1. d4 Nf6 2. c4 e6 3. Nf3 b6 4. a3 Bb7 5. Nc3 c5 6. d5 exd5 7. cxd5 g6 8. e4 Bg7 9. Bd3 O-O 10. O-O d6 11. h3 Nbd7 12. Bf4 Ne8 13. Qd2 a6 14. a4 Qe7 15. Rfe1 Ne5 16. Nxe5 Bxe5 17. Bh6 Bg7 18. Bxg7 Nxg7 19. f4 Nh5 20. g4 Nf6 21. Bc4 Rfe8 22. e5 dxe5 23. fxe5 Nd7 24. e6 fxe6 25. Rxe6 Qg7 26. Rae1 Rxe6 27. dxe6 Ne5 28. e7+ Nxc4 29. Qd8+ Rxd8 30. exd8=Q+ 1-0

[Event "December 5 Early 2023"]
[Site "https://www.chess.com"]
[Date "2023.12.05"]
[Round "6"]
[White "Nguyen, Quoc Hy"]
[Black "Santos Flores, Alberto"]
[Result "1-0"]
[Board "48"]
[TimeControl "180+1"]
[WhiteFideId "12410853"]
[BlackFideId "3601234"]
[WhiteElo "2811"]
[BlackElo "2562"]
[WhiteTeam "VIE"]
[BlackTeam "ECU"]
[WhiteClock "0:00:23"]
[BlackClock "0:00:03"]

1. d4 Nf6 2. c4 d6 3. Nc3 e5 4. Nf3 e4 5. Ng5 Qe7 6. Qc2 Bf5 7. f3 Nc6 8. e3 Nxd4 9. Qd1 Nc6 10. g4 Bg6 11. f4 h6 12. Nh3 h5 13. g5 Ng4 14. Nd5 Qd7 15. b4 Ne7 16. Bb2 Nxd5 17. cxd5 Nxe3 18. Qb3 Nxf1 19. Rxf1 O-O-O 20. Qe3 f6 21. gxf6 gxf6 22. Bxf6 Bg7 23. Qxa7 Qxh3 24. Bxg7 Rhg8 25. Bf6 e3 26. Qa8+ Kd7 27. Qa4+ Kc8 28. Qa8+ Kd7 29. Qa4+ c6 30. dxc6+ bxc6 31. Qa7+ Ke6 32. f5+ Bxf5 33. Qe7+ Kd5 34. O-O-O+ Kc4 35. Rd4+ Kc3 36. Rh4+ Kd3 37. Rd1+ Ke2 38. Rxh3 Bxh3 39. Bh4 d5 40. Re1+ Kd3 41. Qxe3+ Kc4 42. Qc5+ Kd3 43. Re3# 1-0

[Event "December 5 Early 2023"]
[Site "https://www.chess.com"]
[Date "2023.12.05"]
[Round "6"]
[White "Tan, Jonathan"]
[Black "IM_ArthurDW08"]
[Result "0-1"]
[Board "49"]
[TimeControl "180+1"]
[WhiteFideId "5200482"]
[WhiteElo "2522"]
[BlackElo "2805"]
[WhiteTeam "PHI"]
[WhiteClock "0:00:00"]
[BlackClock "0:00:04"]

1. d4 Nf6 2. Nc3 d5 3. Bf4 g6 4. e3 Bg7 5. h4 h5 6. Nf3 O-O 7. Ne5 c5 8. Be2 cxd4 9. exd4 Nc6 10. Nxc6 bxc6 11. Qd2 c5 12. Be5 cxd4 13. Qxd4 Be6 14. O-O-O Qa5 15. g4 Rab8 16. a3 hxg4 17. h5 Bh6+ 18. Bf4 Bxf4+ 19. Qxf4 d4 20. Rxd4 Nxh5 21. Qh6 Qe5 22. Re4 Qg7 23. Qxg7+ Kxg7 24. Bxg4 Nf6 25. Bxe6 Nxe4 26. Nxe4 fxe6 27. Ng5 Rxf2 28. Rh7+ Kg8 29. Rxe7 Rc8 30. c3 Rd8 31. Ne4 Rh2 32. Rxe6 Kg7 33. Re7+ Kh6 34. c4 Rd4 35. Nf6 Rxc4+ 36. Kb1 Kg5 37. Ne4+ Kf4 38. Nc3 g5 39. Rf7+ Kg3 40. Rxa7 g4 41. Rg7 Kf3 42. a4 g3 43. a5 Rg4 44. Rf7+ Rf4 45. Rxf4+ Kxf4 46. a6 Rh6 0-1

[Event "December 5 Early 2023"]
[Site "https://www.chess.com"]
[Date "2023.12.05"]
[Round "6"]
[White "Yuan, Qingyu"]
[Black "Krzywda, Andrzej"]
[Result "1-0"]
[Board "50"]
[TimeControl "180+1"]
[WhiteFideId "8609772"]
[BlackFideId "1114565"]
[WhiteElo "2798"]
[BlackElo "2513"]
[WhiteTeam "CHN"]
[BlackTeam "POL"]
[WhiteClock "0:00:14"]
[BlackClock "0:00:03"]

1. e4 e5 2. Nf3 Nf6 3. Nxe5 d6 4. Nf3 Nxe4 5. d4 d5 6. Bd3 Be7 7. O-O Bf5 8. Re1 O-O 9. Nbd2 Nd6 10. Nf1 Bxd3 11. Qxd3 c6 12. Ng3 Na6 13. c3 Nc7 14. Bf4 Ne6 15. Be5 Qd7 16. Re2 Rae8 17. Rae1 f6 18. Bxd6 Bxd6 19. Re3 Bf4 20. R3e2 Bd6 21. Qc2 g6 22. Re3 Bf4 23. R3e2 Bd6 24. Nf1 Nf4 25. Re3 Kg7 26. g3 Ne6 27. h4 Nc7 28. Kg2 Rxe3 29. Nxe3 Re8 30. Qd2 h5 31. Nc2 Rxe1 32. Ncxe1 Qe6 33. Qd3 Qe4 34. Kf1 a5 35. a4 Kf7 36. Nd2 Qxd3+ 37. Nxd3 Ke6 38. Ke2 Ne8 39. Ke3 Kf5 40. c4 Nc7 41. b3 Bf8 42. c5 Bh6+ 43. Ke2 Bxd2 44. Kxd2 Ne6 45. Ke3 g5 46. f3 gxh4 47. gxh4 Kg6 48. Nf4+ Nxf4 49. Kxf4 Kg7 50. Ke3 Kg6 51. Kf4 Kg7 52. Kf5 Kf7 53. f4 Kg7 54. Ke6 Kg6 55. f5+ Kg7 56. Ke7 Kh6 57. Kd7 Kg7 58. Kc7 Kf7 59. Kxb7 1-0

[Event "December 5 Early 2023"]
[Site "https://www.chess.com"]
[Date "2023.12.05"]
[Round "6"]
[White "Miladinovic, Igor"]
[Black "Reprintsev, Alexander"]
[Result "1-0"]
[Board "51"]
[TimeControl "180+1"]
[WhiteFideId "4203380"]
[BlackFideId "14100541"]
[WhiteElo "2795"]
[BlackElo "2494"]
[WhiteTeam "SRB"]
[BlackTeam "UKR"]
[WhiteClock "0:02:27"]
[BlackClock "0:01:47"]

1. d4 d5 2. Bf4 Nf6 3. e3 c5 4. Nc3 a6 5. dxc5 Nbd7 6. Nxd5 e5 7. Bg5 Qa5+ 8. b4 Qa3 9. Bxf6 gxf6 10. Rb1 Rb8 11. Rb3 Qxa2 12. Nc3 1-0

[Event "December 5 Early 2023"]
[Site "https://www.chess.com"]
[Date "2023.12.05"]
[Round "6"]
[White "Kruckenhauser, Arthur"]
[Black "Nihal Sarin"]
[Result "0-1"]
[Board "52"]
[TimeControl "180+1"]
[WhiteFideId "1642812"]
[BlackFideId "25092340"]
[WhiteElo "2508"]
[BlackElo "3105"]
[WhiteTeam "AUT"]
[BlackTeam "IND"]
[WhiteClock "0:00:10"]
[BlackClock "0:00:48"]

1. e4 e5 2. Nf3 Nc6 3. Nc3 Nf6 4. a3 h6 5. Bc4 Nxe4 6. Nxe4 d5 7. Bd3 dxe4 8. Bxe4 Bd6 9. Qe2 O-O 10. h3 f5 11. Bd5+ Kh8 12. d3 Ne7 13. Bb3 Ng6 14. Bd2 Qf6 15. O-O-O Bd7 16. h4 Nf4 17. Bxf4 exf4 18. h5 Rae8 19. Qd2 Bxa3 20. d4 Bd6 21. Nh4 Kh7 22. Ng6 Rf7 23. Bxf7 Qxf7 24. Kb1 Bc6 25. Nxf4 Re4 26. Ng6 Qc4 27. f3 Re2 28. Qd3 Qxd3 29. Rxd3 Rxg2 30. b3 Rg3 31. d5 Be8 32. Nh4 Rg5 33. f4 Rxh5 34. Rdh3 Bxf4 35. Nxf5 Rxf5 36. Re1 Bg6 37. Rc3 Bd2 0-1

[Event "December 5 Early 2023"]
[Site "https://www.chess.com"]
[Date "2023.12.05"]
[Round "6"]
[White "Lund, Gunnar"]
[Black "Xiong, Jeffery"]
[Result "0-1"]
[Board "53"]
[TimeControl "180+1"]
[WhiteFideId "1520814"]
[BlackFideId "2047640"]
[WhiteElo "2590"]
[BlackElo "2993"]
[WhiteTeam "NOR"]
[BlackTeam "USA"]
[WhiteClock "0:00:02"]
[BlackClock "0:01:02"]

1. d4 Nf6 2. c4 e6 3. g3 c5 4. d5 exd5 5. cxd5 d6 6. Nc3 g6 7. Bg2 Bg7 8. Nf3 O-O 9. O-O Re8 10. Re1 h6 11. Nd2 a6 12. a4 Nbd7 13. Nc4 Nb6 14. Ne3 Ng4 15. Nxg4 Bxg4 16. h3 Bc8 17. e4 Kh7 18. h4 f5 19. h5 g5 20. a5 Nc4 21. Qc2 Qf6 22. Qa4 Qe5 23. Qxc4 f4 24. Qd3 Rf8 25. Bd2 c4 26. Qf3 g4 27. gxf4 gxf3 28. fxe5 Bxe5 29. Bf1 Rg8+ 30. Kh1 Rg4 31. Bxc4 Rh4+ 32. Kg1 Bh3 33. Bf4 Bxf4 34. Bd3 Rg8+ 35. Kh1 Bg2+ 36. Kg1 Bh2# 0-1

[Event "December 5 Early 2023"]
[Site "https://www.chess.com"]
[Date "2023.12.05"]
[Round "6"]
[White "Galchenko, Matvey"]
[Black "Boor, Carl"]
[Result "1-0"]
[Board "54"]
[TimeControl "180+1"]
[WhiteFideId "24175480"]
[BlackFideId "2017008"]
[WhiteElo "2939"]
[BlackElo "2588"]
[WhiteTeam "FID"]
[BlackTeam "USA"]
[WhiteClock "0:00:07"]
[BlackClock "0:00:00"]

1. e4 e5 2. Nf3 Nf6 3. Nc3 Nc6 4. Nxe5 Nxe5 5. d4 Nc6 6. d5 Ne5 7. f4 Ng6 8. e5 Bb4 9. Qd4 Qe7 10. Be2 Bc5 11. exf6 Bxd4 12. fxe7 Bxc3+ 13. bxc3 d6 14. O-O Nxe7 15. c4 Bf5 16. Bb2 Rg8 17. g4 Bxc2 18. Rac1 Ba4 19. Bd3 O-O-O 20. Bxh7 Rh8 21. Bd3 Rh3 22. Bb1 Rdh8 23. Rf2 f6 24. Re1 Kd8 25. Rfe2 Nc8 26. g5 Rf8 27. gxf6 gxf6 28. Rg2 Rh6 29. Rg7 Bd7 30. Bd3 b6 31. a3 a6 32. Bd4 b5 33. c5 dxc5 34. Bxc5 Nd6 35. Ree7 Bf5 36. Rxc7 1-0

[Event "December 5 Early 2023"]
[Site "https://www.chess.com"]
[Date "2023.12.05"]
[Round "6"]
[White "Ashraf, Artin"]
[Black "Hjartarson, Johann"]
[Result "0-1"]
[Board "55"]
[TimeControl "180+1"]
[WhiteFideId "22514805"]
[BlackFideId "2300044"]
[WhiteElo "2900"]
[BlackElo "2575"]
[WhiteTeam "IRI"]
[BlackTeam "ISL"]
[WhiteClock "0:00:00"]
[BlackClock "0:00:08"]

1. e4 g6 2. d4 Bg7 3. h4 h5 4. Nf3 d6 5. Bc4 e6 6. Bg5 Qd7 7. Nc3 a6 8. a4 b6 9. e5 d5 10. Bd3 c5 11. a5 cxd4 12. Na4 b5 13. Nb6 Qb7 14. Nxa8 Qxa8 15. Bf4 Nc6 16. Qd2 Nh6 17. O-O Ng4 18. Rfe1 Bd7 19. Re2 Qa7 20. Rae1 Qc5 21. Nh2 Nxh2 22. Kxh2 Bf8 23. Bg5 Be7 24. Qf4 Bxg5 25. Qxg5 Qe7 26. Qf4 Qb4 27. Ra1 Qxb2 28. Ree1 Qc3 29. Qf6 Rf8 30. Reb1 Qc5 31. Qf4 Qa7 32. Rc1 Qc7 33. Re1 Qa7 34. Qd2 Qc7 35. f4 Qa7 36. c3 Ke7 37. Rac1 Rc8 38. Qb2 dxc3 39. Rxc3 Qd4 40. Qc1 Nxe5 41. Rxc8 Ng4+ 42. Kh1 Bxc8 43. Be2 Nf2+ 44. Kh2 Bd7 45. Bf3 Nd3 46. Qe3 Qxe3 47. Rxe3 Nxf4 48. g3 d4 49. Re4 Nd5 50. Rxd4 Bc6 51. Rd2 Kd6 52. Rc2 Kd7 53. Kg1 Kd6 54. Kf2 e5 55. Rd2 f5 56. Bd1 e4 57. Bb3 e3+ 0-1

[Event "December 5 Early 2023"]
[Site "https://www.chess.com"]
[Date "2023.12.05"]
[Round "6"]
[White "Shuvalova, Polina"]
[Black "Manukyan, Sargis A."]
[Result "1/2-1/2"]
[Board "56"]
[TimeControl "180+1"]
[WhiteFideId "24171760"]
[BlackFideId "13303970"]
[WhiteElo "2850"]
[BlackElo "2571"]
[WhiteTeam "RUS"]
[BlackTeam "ARM"]
[WhiteClock "0:00:04"]
[BlackClock "0:00:06"]

1. e4 c5 2. Nf3 d6 3. Bb5+ Bd7 4. Bxd7+ Qxd7 5. O-O Nc6 6. c3 Nf6 7. Re1 e6 8. d4 cxd4 9. cxd4 d5 10. e5 Ne4 11. a3 Be7 12. Nbd2 Nxd2 13. Bxd2 O-O 14. Re3 f6 15. exf6 Bxf6 16. Bc3 Rac8 17. Qe2 Rfe8 18. Re1 e5 19. dxe5 d4 20. Qc4+ Kh8 21. exf6 Rxe3 22. fxg7+ Qxg7 23. Rxe3 dxc3 24. Qxc3 Qxc3 25. Rxc3 Rd8 26. g3 Kg7 27. Kg2 Kf6 28. Rb3 b6 29. h4 h6 30. Rb5 Rd6 31. g4 Ne7 32. Rh5 Kg7 33. Re5 Ng6 34. Re4 Rd3 35. h5 Nf8 36. Re7+ Kf6 37. Rxa7 Rb3 38. Nd4 Rxb2 39. Kg3 Rd2 40. Nf5 Rd3+ 41. f3 Ne6 42. Rb7 Ng5 43. Rxb6+ Ke5 44. Nh4 Ne4+ 45. Kg2 Rd2+ 46. Kh3 Nf2+ 47. Kg2 Nxg4+ 48. Kf1 Ne3+ 49. Ke1 Rh2 50. Ng6+ Kd4 51. Rb4+ Kc3 52. Rb5 Nc2+ 53. Kf1 Nxa3 54. Rf5 Nc4 55. Kg1 Ra2 56. Ne5 Ne3 57. Rf6 Rg2+ 58. Kh1 Rg5 59. Nf7 Rxh5+ 60. Kg1 Kd2 61. Kf2 Rh2+ 62. Kg3 Rg2+ 63. Kh3 Rg1 64. Nxh6 Ke2 65. Ng4 Rh1+ 66. Kg3 Rg1+ 67. Kh4 Rh1+ 68. Kg5 Nd5 69. Rf5 Nc3 70. f4 Ne4+ 71. Kg6 Kf3 72. Ne5+ Ke3 73. Ng4+ Kf3 74. Ne5+ Ke3 75. Nc4+ Kd4 76. Nb6 Rg1+ 77. Kh6 Nd6 78. Rf6 Ne4 79. Rf5 Ke3 80. Nd5+ Kd4 81. Ne7 Ke3 82. Rf8 Kf3 83. f5 Kf4 84. Ng6+ Kg4 85. f6 Ng5 86. Ra8 Rh1+ 87. Kg7 Rh7+ 88. Kg8 Rb7 89. Ra4+ Kh5 90. Nf4+ Kh6 91. Kf8 Nh7+ 92. Ke8 Nxf6+ 93. Kd8 Rd7+ 94. Kc8 Rd1 95. Ne6 Kg6 96. Nc7 Kf7 97. Rf4 Rc1 98. Kd8 Kg7 99. Ne6+ Kg6 100. Nc7 Rd1+ 101. Kc8 Kg5 102. Rf2 Ne4 103. Rg2+ Kf5 104. Rc2 Ke5 105. Nb5 Rd3 106. Kb7 Rd1 107. Kc6 Rb1 108. Nc7 Rb8 109. Re2 Rc8 110. Kb7 Rh8 111. Nb5 Rh7+ 112. Kc6 Rh6+ 113. Kc7 Kf4 114. Re1 Kf5 115. Rf1+ Ke5 116. Re1 Kd5 117. Rd1+ Kc5 118. Rc1+ Kxb5 119. Kd7 Nc5+ 120. Ke7 Kc6 121. Kf7 Rd6 122. Rf1 Re6 123. Rf6 Rxf6+ 124. Kxf6 1/2-1/2

[Event "December 5 Early 2023"]
[Site "https://www.chess.com"]
[Date "2023.12.05"]
[Round "6"]
[White "Teterev, Vitaly"]
[Black "Gharibyan, Mamikon"]
[Result "0-1"]
[Board "57"]
[TimeControl "180+1"]
[WhiteFideId "13501429"]
[BlackFideId "13308300"]
[WhiteElo "2570"]
[BlackElo "2817"]
[WhiteTeam "BLR"]
[BlackTeam "ARM"]
[WhiteClock "0:00:00"]
[BlackClock "0:00:04"]

1. e4 e5 2. Nf3 Nc6 3. Bb5 Nf6 4. O-O Nxe4 5. Re1 Nd6 6. Nxe5 Be7 7. Bf1 Nxe5 8. Rxe5 O-O 9. d4 Bf6 10. Re1 Re8 11. Rxe8+ Nxe8 12. Nc3 d5 13. Bf4 c6 14. Be5 Bf5 15. Qd2 Nc7 16. Bxf6 Qxf6 17. Re1 Ne6 18. Ne2 h5 19. c3 g6 20. Ng3 Kg7 21. Nxf5+ Qxf5 22. Bd3 Qf6 23. Re5 h4 24. Qe3 a5 25. b3 a4 26. b4 b5 27. a3 Rh8 28. Be2 Rh6 29. Bg4 Nf4 30. Bd7 Rh8 31. Be8 h3 32. g3 Ng2 33. Qe2 Nf4 34. gxf4 Qxf4 35. Bd7 Qc1+ 36. Qe1 Qc2 37. Bxc6 Rh4 38. Bxd5 Rg4+ 39. Kh1 Qb2 40. Bf3 Rf4 41. Re3 Qxa3 42. Bd5 Qb2 43. Re2 Qa3 44. Rc2 Rf5 45. Be4 Rf6 46. Bd3 Qb3 47. Rc1 Qd5+ 48. Be4 Qc4 49. f3 a3 50. Ra1 a2 51. Qd2 Ra6 52. d5 f5 53. Bc2 Rd6 54. Qd4+ Qxd4 55. cxd4 Rxd5 56. Rxa2 Rxd4 57. Ra1 Rxb4 58. Bd3 Rb3 59. Be2 Rc3 60. Bxb5 Rxf3 61. Kg1 Kh6 62. Bf1 Kg5 63. Ra4 Rc3 64. Be2 f4 65. Kf2 Kf5 66. Ra5+ Ke4 67. Ra4+ Kf5 68. Ra6 Rc2 69. Ra3 g5 70. Ra5+ Ke4 71. Ra4+ Kf5 72. Kf1 g4 73. Ra5+ Ke4 74. Ra4+ Ke3 75. Ra3+ Kd4 76. Ra4+ Ke3 77. Bxg4 Rxh2 78. Ra3+ Ke4 79. Bxh3 f3 80. Bg4 Rh1+ 81. Kf2 Rc1 82. Bxf3+ Kd4 0-1

[Event "December 5 Early 2023"]
[Site "https://www.chess.com"]
[Date "2023.12.05"]
[Round "6"]
[White "Narva, Mai"]
[Black "Molina, Roberto Junio Brito"]
[Result "1-0"]
[Board "58"]
[TimeControl "180+1"]
[WhiteFideId "4500512"]
[BlackFideId "2109450"]
[WhiteElo "2568"]
[BlackElo "2812"]
[WhiteTeam "EST"]
[BlackTeam "BRA"]
[WhiteClock "0:00:05"]
[BlackClock "0:00:00"]

1. e4 c6 2. Nc3 d5 3. Nf3 dxe4 4. Nxe4 Bg4 5. h3 Bxf3 6. Qxf3 Nd7 7. d4 Ndf6 8. c3 Nxe4 9. Qxe4 Nf6 10. Qf3 Qd5 11. Qg3 e6 12. Bd3 O-O-O 13. Be3 Rg8 14. Be2 Bd6 15. Qf3 Qxf3 16. Bxf3 Nd5 17. Bd2 Bf4 18. O-O-O Bxd2+ 19. Rxd2 Rd7 20. Re1 Kc7 21. g3 g6 22. Bg2 h5 23. a3 a5 24. Kc2 Rgd8 25. Re5 b5 26. b3 Nb6 27. Rc5 Rd6 28. a4 Nd7 29. Rg5 Kb6 30. axb5 cxb5 31. c4 bxc4 32. bxc4 Rc8 33. c5+ Ka6 34. Kd1 Rdc6 35. Bxc6 Rxc6 36. h4 Kb5 37. g4 hxg4 38. Rxg4 Nf6 39. Rf4 Nd5 40. Rxf7 a4 41. Rb7+ Kc4 42. Ra7 Kb3 43. Rd3+ Kb4 44. Kd2 Rc8 45. Rb7+ Kc4 46. Ra3 Ra8 47. c6 Kxd4 48. c7 Rc8 49. Rxa4+ Kc5 50. Ra6 Nxc7 51. Ra5+ Kc6 52. Rb3 Nd5 53. Ra6+ Kd7 54. Rb7+ Nc7 55. Ke3 Rf8 56. Raa7 Rc8 57. Ke4 Kd6 58. Rb6+ Kd7 59. Rbb7 Kc6 60. f4 Nb5 61. Rxb5 Kxb5 62. Rg7 Rh8 63. Rxg6 Rxh4 64. Rxe6 Kc5 65. Ke5 Rh1 66. f5 Re1+ 67. Kf6 Rf1 68. Re5+ Kd6 69. Re2 Kd7 70. Kg6 Rg1+ 71. Kf7 Rd1 72. f6 Rd6 73. Kg7 Re6 74. Rxe6 Kxe6 75. f7 1-0

[Event "December 5 Early 2023"]
[Site "https://www.chess.com"]
[Date "2023.12.05"]
[Round "6"]
[White "Mortazavi, Ali"]
[Black "Yeremyan, Alen"]
[Result "0-1"]
[Board "59"]
[TimeControl "180+1"]
[WhiteFideId "401323"]
[BlackFideId "13308998"]
[WhiteElo "2562"]
[BlackElo "2798"]
[WhiteTeam "ENG"]
[BlackTeam "ARM"]
[WhiteClock "0:02:01"]
[BlackClock "0:02:09"]

1. Nf3 Nf6 2. g3 g6 3. Bg2 Bg7 4. O-O O-O 5. d3 d5 6. Nbd2 c5 7. e3 Nc6 8. e4 e5 9. c3 h6 10. Qa4 d4 11. cxd4 exd4 12. a3 a6 13. b4 b5 14. Qc2 c4 15. dxc4 d3 16. Qa2 bxc4 17. Qxc4 Ng4 18. Qxc6 Bd7 19. Qd5 Bxa1 20. Qxd3 Bb5 21. Qb1 Bg7 22. Re1 Qb6 0-1

[Event "December 5 Early 2023"]
[Site "https://www.chess.com"]
[Date "2023.12.05"]
[Round "6"]
[White "Vovk, Orest"]
[Black "Skvortsov, Andrei"]
[Result "1/2-1/2"]
[Board "60"]
[TimeControl "180+1"]
[WhiteFideId "14113490"]
[BlackFideId "24108600"]
[WhiteElo "2562"]
[BlackElo "2781"]
[WhiteTeam "UKR"]
[BlackTeam "MNE"]
[WhiteClock "0:00:07"]
[BlackClock "0:00:20"]

1. h4 a5 2. h5 a4 3. a3 h6 4. Nc3 Nf6 5. e4 e5 6. Nf3 Nc6 7. Bb5 Nd4 8. Nxd4 exd4 9. e5 Qe7 10. Qe2 dxc3 11. exf6 Qxe2+ 12. Kxe2 cxd2 13. Bxd2 gxf6 14. Rhe1 c6 15. Kf1+ Kd8 16. Bc3 Bg7 17. Bc4 d5 18. Rad1 Be6 19. f4 Re8 20. Bd3 Bg4 21. Rxe8+ Kxe8 22. Be2 Bf5 23. Bd3 Be6 24. f5 Bd7 25. Bb4 Kd8 26. Bd6 b5 27. Re1 Rc8 28. Bb4 Kc7 29. Re7 Rf8 30. Ba5+ Kc8 31. Bb4 Kd8 32. Kf2 Kc8 33. Bd6 Be8 34. Rc7+ Kd8 35. Ra7 Rg8 36. b3 axb3 37. cxb3 Bf8 38. Bc7+ Kc8 39. Bb6 Bd6 40. a4 Bb8 41. Re7 Bd6 42. Ra7 bxa4 43. bxa4 Kb8 44. Ba6 Be5 45. Rb7+ Ka8 46. Ra7+ Kb8 47. Rb7+ Ka8 48. Ra7+ Kb8 1/2-1/2